 Dungeon Crawl Stone Soup version 0.19.1 (webtiles) character file.

113 Menchi the Slasher (level 5, 0/39 HPs)
             Began as a Formicid Skald on Dec 20, 2016.
             Was a Follower of Qazlal.
             Succumbed to a scorpion's poison
             ... on level 4 of the Dungeon.
             The game lasted 00:09:32 (2848 turns).

Menchi the Slasher (Formicid Skald)                 Turns: 2848, Time: 00:09:33

Health: 0/39       AC:  4    Str: 17    XL:     5   Next: 17%
Magic:  8/8        EV: 12    Int: 15    God:    Qazlal [*.....]
Gold:   111        SH:  2    Dex: 11    Spells: 1 memorised, 7 levels left

rFire  + . .     SeeInvis +     a - +0 falchion
rCold  . . .     Gourm    .     b - +0 leather armour
rNeg   . . .     Faith    .     (no shield)
rPois  .         Spirit   .     (helmet unavailable)
rElec  .         Reflect  .     l - +0 cloak
rCorr  .         Harm     .     (no gloves)
MR     .....                    (no boots)
Stlth  +.........               e - amulet of regeneration
                                k - +4 ring of intelligence
                                f - ring of protection from fire

@: lethally poisoned (0 -> -25)
A: permanent stasis, dig shafts and tunnels, four strong arms, antennae 3
a: Dig, Shaft Self, Renounce Religion


You were on level 4 of the Dungeon.
You worshipped Qazlal.
Qazlal was aware of your devotion.
You were not hungry.

You visited 1 branch of the dungeon, and saw 4 of its levels.

You collected 111 gold pieces.

Inventory:

Hand Weapons
 a - a +0 falchion (weapon)
Armour
 b - a +0 leather armour (worn)
 l - a +0 cloak (worn)
Jewellery
 e - an amulet of regeneration (around neck)
 f - a ring of protection from fire (left hand)
 k - a +4 ring of intelligence (right hand)
Scrolls
 g - a scroll of remove curse
 j - a scroll of noise {unknown}
 n - a scroll of fog {unknown}
 o - a scroll of enchant armour {unknown}
Potions
 h - a potion of cure mutation
 m - a potion of resistance {unknown}
Books
 c - a book of Battle

   Spells                             Type                      Level
   a - Infusion                       Charms                       1
   b - Shroud of Golubria             Charms/Translocation         2
   c - Song of Slaying                Charms                       2
   d - Spectral Weapon                Hexes/Charms                 3
   e - Regeneration                   Charms/Necromancy            3
Comestibles
 d - a bread ration
 i - a chunk of flesh


   Skills:
 + Level 2.4 Fighting
 * Level 3.5 Long Blades
 * Level 2.4 Armour
 * Level 1.8 Dodging
 + Level 2.2 Spellcasting
 - Level 3.2 Charms


You had 7 spell levels left.
You knew the following spells:

 Your Spells              Type           Power        Failure   Level  Hunger
a - Infusion              Chrm           ##..         10%         1    #......


Dungeon Overview and Level Annotations

Branches:
Dungeon (4/15)
 Temple: D:4-7

Altars:
Ashenzari
Qazlal
Ru
The Shining One


Innate Abilities, Weirdness & Mutations

You are under a permanent stasis effect.
You can dig through walls and to a lower floor.
Your four strong arms can wield two-handed weapons with a shield.
You have a pair of large antennae on your head. (SInv)


Message History

The hound skeleton closely misses you.
The hound skeleton is engulfed in freezing vapours.
The hound skeleton bites you.
* * * LOW HITPOINT WARNING * * *
The scorpion stings you.
* * * LOW HITPOINT WARNING * * *
You are more poisoned.
The scorpion poisons you!
You hit the scorpion.
The scorpion is heavily wounded.
* * * LOW HITPOINT WARNING * * *
You feel sick.
The hound skeleton is engulfed in freezing vapours.
The hound skeleton closely misses you. The scorpion stings you.
* * * LOW HITPOINT WARNING * * *
You are more poisoned.
The scorpion poisons you!
You hit the scorpion.
The scorpion is severely wounded.
You die...

...............
...............
...........?.?.
........=......
.......$.......
...............
.......s.......
.......@.......
.?......Z......
...............
...............
...............
...............
...............
...............


You could see a scorpion and a hound skeleton.

Vanquished Creatures
  3 adders
  A worm (D:3)
  3 dart slugs
  4 orcs (D:3)
  7 bats
  3 giant cockroaches
  9 goblins
  9 hobgoblins
  4 jackals (D:2)
  4 quokkas
  5 frilled lizards
  6 kobolds
  9 rats
67 creatures vanquished.

Vanquished Creatures (others)
  A dart slug (D:2)
1 creature vanquished.

Grand Total: 68 creatures vanquished

Notes
Turn   | Place    | Note
-------+----------+-------------------------------------------
     0 | D:1      | Menchi the Formicid Skald began the quest for the Orb.
     0 | D:1      | Reached XP level 1. HP: 16/16 MP: 3/3
   186 | D:1      | Reached XP level 2. HP: 17/22 MP: 5/5
   293 | D:1      | Reached skill level 1 in Dodging
   943 | D:2      | Reached XP level 3. HP: 8/27 MP: 6/6
  1456 | D:2      | Reached XP level 4. HP: 32/33 MP: 7/7
  1915 | D:2      | Found a faded altar of an unknown god.
  1915 | D:2      | Found a faded altar of an unknown god.
  1923 | D:2      | Found a faded altar of an unknown god.
  1926 | D:2      | Found a sacrificial altar of Ru.
  1929 | D:2      | Found a faded altar of an unknown god.
  1952 | D:2      | Became a worshipper of Ru the Awakened
  1964 | D:2      | Fell from the grace of Ru
  1964 | D:2      | Became a worshipper of Qazlal Stormbringer
  1964 | D:2      | Reached * piety under Qazlal
  2332 | D:3      | Found a glowing golden altar of the Shining One.
  2542 | D:3      | Reached XP level 5. HP: 38/39 MP: 8/8
  2560 | D:3      | Found a shattered altar of Ashenzari.
  2848 | D:4      | Succumbed to a scorpion's poison

Skill      XL: |  1  2  3  4 |
---------------+-------------+-----
Dodging        | 1 |  1.8
Long Blades    | 3 |  3.5
Armour         | 2 |  2.4
Fighting       | |  2.4
Spellcasting   | |  2.2
Charms         | |  3.2

Action                   |  1- 3 |  4- 6 || total
-------------------------+-------+-------++-------
Melee: Falchion          |   113 |   115 ||   228
 Cast: Infusion          |     1 |     1 ||     2
  Use: Scroll            |       |     2 ||     2
  Eat: Chunk             |     2 |     5 ||     7
Armor: Leather armour    |    29 |    29 ||    58
Dodge: Dodged            |    64 |    70 ||   134
Block: Other             |       |     5 ||     5
       Rpst.: Falchion   |    25 |    14 ||    39
